 Dungeon Crawl Stone Soup version 0.30.1-9-gdf580d7c3d (webtiles) character file.

Game seed: 18346590555316077820

47 Nonny the Grave Robber (level 3, -8/24 HPs)
             Began as a Mummy Necromancer on Oct 15, 2023.
             Mangled by a gnoll
             ... wielding a +0 whip
              (10 damage)
             ... on level 2 of the Dungeon.
             The game lasted 00:05:54 (1148 turns).

Nonny the Grave Robber (Mummy Necromancer)          Turns: 1148, Time: 00:05:55

Health: -8/24      AC:  2    Str: 11    XL:     3   Next: 48%
Magic:  1/8        EV: 12    Int: 16    God:
Gold:   143        SH:  0    Dex: 12    Spells: 5/9 levels left

rFire   x . .        i - staff of death
rCold   + . .        (no shield)
rNeg    + + +        a - +0 robe
rPois   ∞            (no helmet)
rElec   .            (no cloak)
rCorr   .            (no gloves)
SInv    .            (no boots)
Will    .....        (no amulet)
Stlth   ++           (no ring)
HPRegen 0.24/turn    (no ring)
MPRegen 0.11/turn

%: faith
@: weak-willed
A: cold resistance 1, negative energy resistance 3, torment resistance 2, heat
vulnerability 1, in touch with death 1, no potions, faith
a: no special abilities


You were on level 2 of the Dungeon.
You visited 1 branch of the dungeon, and saw 2 of its levels.

You collected 143 gold pieces.

Inventory:

Hand Weapons
 e - a +2 short sword of flaming
Missiles
 d - 2 poisoned darts
Armour
 a - a +0 robe (worn)
Magical Staves
 h - a staff of poison
 i - a staff of death (weapon)
Jewellery
 g - a ring of ice
Scrolls
 b - a scroll of blinking {unknown}
 c - a scroll of identify {unknown}
 f - a scroll of teleportation {unknown}
 j - a scroll of fog {unknown}


   Skills:
 - Level 1.5 Dodging
 - Level 1.5 Stealth
 + Level 3.5 Spellcasting
 + Level 4.9 Necromancy


You had 5 spell levels left.
You knew the following spells:

 Your Spells              Type           Power      Damage    Failure   Level
a - Necrotise             Necr           100%       1d9       2%          1
b - Vampiric Draining     Necr           41%        2d8       7%          3

Your spell library contained the following spells:

 Spells                   Type           Power      Damage    Failure   Level
 Animate Dead             Necr           41%        N/A       24%         4
 Agony                    Necr           41%        N/A       54%         5


Dungeon Overview and Level Annotations

Branches:
Dungeon (2/15)

Altars:
Cheibriados


Innate Abilities, Weirdness & Mutations

You are immune to poison.
Your flesh is cold resistant. (rC+)
You are immune to negative energy. (rN+++)
You are immune to unholy pain and torment.
You are vulnerable to heat. (rF-)
You are in touch with the powers of death.
You do not drink.
You have a special connection with the divine. (Faith)


Message History

Aim: a gnoll, wielding a +0 spear of pain (moderately wounded, ally target, chance to affect: 88%)
You feel a strong surge of power!
The gnoll writhes in agony.
The gnoll hits you from afar with a +0 spear of pain.
Your gnoll skeleton hits the gnoll.
The gnoll hits your gnoll skeleton with a +0 spear of pain.
Your gnoll skeleton barely misses the gnoll.
The gnoll hits your gnoll skeleton with a +0 spear of pain.
Your gnoll skeleton hits the gnoll.
The gnoll attacks as you move away! The gnoll misses you.
Something hits your gnoll skeleton.
Casting: Necrotise (safe; 2% risk of failure)
Confirm with . or Enter, or press ? or * to list all spells.
Aiming: Necrotise (safe; 2% risk of failure)
Press: ? - help, Shift-Dir - straight line, f - gnoll
Aim: a gnoll, wielding a +0 whip (chance to affect: 88%)
You feel a strong surge of power!
The gnoll writhes in agony.
The gnoll hits you with a +0 whip.
Unknown command.
Unknown command.
Casting: Necrotise (safe; 2% risk of failure)
Confirm with . or Enter, or press ? or * to list all spells.
Aiming: Necrotise (safe; 2% risk of failure)
Press: ? - help, Shift-Dir - straight line, f/p - gnoll
Aim: a gnoll, wielding a +0 whip (lightly wounded, chance to affect: 88%)
You feel a strong surge of power!
You miscast Necrotise.
You are very lightly contaminated with residual magic.
Nothing appears to happen.
The gnoll closely misses you.
Unknown command.
Unknown command.
The gnoll shouts!
The gnoll attacks as you move away! The gnoll hits you with a +0 whip.
The gnoll attacks as you move away! The gnoll hits you with a +0 whip!
* * * LOW HITPOINT WARNING * * *
Your magical contamination has completely faded away.
Okay, then.
As you read the scroll labelled BOAFAL QEUWAM, it crumbles to dust.
Magic quickly surges around you.
It was a scroll of vulnerability.
The gnoll barely misses you. The gnoll attacks as you move away!
The gnoll hits you with a +0 whip!
You die...

.........#########
#................################
#.........######.................
#...........# ###############...
#........##.## #...
#............####### ##.#
########....g......# #..
###..##..##.## ##. #...##g@...#
#. #.#.#####...# ## #.### #...#
#. #####g### ... #.. ###...g†..#
# ....# #..g...##..# #####
#...Z..# #.... #.._..## ####
..g.....#


You could see 2 gnolls.

Vanquished Creatures
  A gnoll (D:2)
  A worm (D:2)
  A dart slug (D:1)
  3 bats (D:1)
  3 endoplasms
  2 giant cockroaches
  A goblin (D:1)
  2 hobgoblins
  7 kobolds
  A ball python (D:2)
  6 frilled lizards
  2 rats (D:1)
30 creatures vanquished.

Vanquished Creatures (collateral kills)
  A dart slug (D:2)
1 creature vanquished.

Grand Total: 31 creatures vanquished

Notes
Turn   | Place    | Note
-------+----------+-------------------------------------------
     0 | D:1      | Nonny the Mummy Necromancer began the quest for the Orb.
     0 | D:1      | Reached XP level 1. HP: 13/13 MP: 4/4
    61 | D:1      | Starting vault: checkerboard walls and square outline pool
   135 | D:1      | +2 short sword of flaming from kobold
   230 | D:1      | Reached XP level 2. HP: 19/19 MP: 2/5
   474 | D:1      | Found a faded altar of an unknown god.
   943 | D:2      | staff of poison
   991 | D:2      | Gained mutation: You are in touch with the powers of death.
                  | [Mummy growth]
   991 | D:2      | Reached XP level 3. HP: 21/24 MP: 2/7
   995 | D:2      | Learned a level 3 spell: Vampiric Draining
  1004 | D:2      | staff of death
  1124 | D:2      | Found a snail-covered altar of Cheibriados.
  1145 | D:2      | HP: 1/24 [gnoll/+0 whip (7)]
  1148 | D:2      | Mangled by a gnoll

Illustrated notes

#.## #.# #..###.###
##.#.#.#.##
#.#.#.#.#.#
##.#.#.#.##
#.#.#.#.#.###
####.~≈≈≈≈.#!.#
#...#~...≈#.#.# #
#.##.~@.<≈.##.#.#
#.#.#~...≈#.#.#>#
#.##.~≈≈≈≈.#....#
#.#.#.#.#.#.[...####
#.^#.#.#.#.#........
###.#.#.#.#.#.####..
##.#.#.#.#..# .#
##.###.###.# # #.#
#.# #.#


Turn 61 on D:1: Starting vault: checkerboard walls and square outline pool # #
.#. # ... # #.# ### #.# #.## #.# .#.# #.## #.## ######..### .#.###.##.......@.#
≈.#!.#.......##Z#.....(. ≈#.#.#.#####.##.######## ≈.##.#.# #.##.#### ≈#.#.#>#
#........ ≈.#....# #.##.#### .#.[...#####.##.# #.#..........##.#
.#.#.####..####.# Turn 135 on D:1: +2 short sword of flaming from kobold
######## ##>.....## ##........## #..@.......# #..........# #......<...#
#..........# #..........# ##.........## ..............# .#............#
##...........# Turn 943 on D:2: staff of poison ## ## .### ... ..# .#..####.#
.........###### #....).....##### ####............ ########........#####
#..w...@ZZ........... ................######## ########................
#.........######. #...........# ## #........##.# #......... ?.# ########... ...
###..##.. Turn 1004 on D:2: staff of death

Levels and vault maps discovered:
D:1:      ncdulo_watergridlock, layout_loops_ring, basic_ecumenical_altar
D:2:      layout_rooms, basic_altar, minmay_misc_feat_five

Skill      XL: |  1  2 |
---------------+-------+-----
Spellcasting   | 3 |  3.5
Dodging        | |  1.5
Stealth        | |  1.5
Necromancy     | |  4.9

Action                     || total
---------------------------++-------
  Melee: Short sword       ||    13
         Staff             ||     6
   Cast: Necrotise         ||    45
    Use: Scroll            ||     1
   Stab: Sleeping          ||     2
 Armour: Robe              ||     3
  Dodge: Dodged            ||    24
